 Dungeon Crawl Stone Soup version 0.29-a0-234-g0dae59b3db (webtiles) character file.

Game seed: 2457006074545139930

102 dolemite99 the Poker (level 4, -4/39 HPs)
             Began as a Minotaur Fighter on Mar 3, 2022.
             Was a Believer of Lugonu.
             Slain by Terence
             ... wielding a +4 short sword of distortion
              (10 damage)
             ... on level 2 of the Dungeon.
             The game lasted 00:01:25 (1122 turns).

dolemite99 the Poker (Minotaur Fighter)             Turns: 1122, Time: 00:01:26

Health: -4/39      AC:  9    Str: 22    XL:     4   Next: 49%
Magic:  3/3        EV:  9    Int:  5    God:    Lugonu [**....]
Gold:   94         SH:  4    Dex: 10    Spells: 3/3 levels left

rFire   . . .      SeeInvis .   a - +0 trident
rCold   . . .      Faith    +   c - +0 buckler
rNeg    . . .      Spirit   .   b - +0 scale mail
rPois   .          Reflect  .   (helmet restricted)
rElec   .          Harm     .   (no cloak)
rCorr   .          Rampage  .   (no gloves)
Will    .....                   f - +1 pair of boots
Stlth   ..........              g - amulet of faith
HPRegen 0.13/turn               (no ring)
MPRegen 0.08/turn               (no ring)

@: mighty
A: horns 2, retaliatory headbutt
a: Renounce Religion, Depart the Abyss, Bend Space


You were on level 2 of the Dungeon.
You worshipped Lugonu.
Lugonu was pleased with you.
You visited 1 branch of the dungeon, and saw 2 of its levels.

You collected 94 gold pieces.

Inventory:

Hand Weapons
 a - a +0 trident (weapon)
Missiles
 h - 46 stones
 m - 6 boomerangs
 p - a curare-tipped dart (quivered)
Armour
 b - a +0 scale mail (worn)
 c - a +0 buckler (worn)
 f - a +1 pair of boots (worn)
Jewellery
 g - an amulet of faith (around neck)
Scrolls
 e - a scroll of enchant weapon {unknown}
 k - a scroll of blinking {unknown}
 n - a scroll of vulnerability {unknown}
 q - a scroll of teleportation {unknown}
Potions
 i - a potion of flight {unknown}
 j - a potion of curing {unknown}
 l - 2 potions of heal wounds {unknown}
 o - a potion of haste {unknown}


   Skills:
 - Level 3.6 Fighting
 + Level 5.8 Polearms
 - Level 3.6 Armour
 - Level 3.6 Shields


You had 3 spell levels left.
You didn't know any spells.
Your spell library contained the following spells:

 Spells                   Type           Power      Damage    Failure   Level
 Summon Small Mammal      Summ           0%         N/A       88%         1
 Blink                    Tloc           0%         N/A       95%         2
 Call Canine Familiar     Summ           0%         N/A       99%         3
 Lesser Beckoning         Tloc           0%         N/A       99%         3
 Summon Guardian Golem    Hex/Summ       0%         N/A       99%         3
 Manifold Assault         Tloc           0%         N/A       100%        5


Dungeon Overview and Level Annotations

Branches:
Dungeon (2/15)

Altars:
Lugonu

Annotations:
D:2 1 runed translucent door, Crazy Yiuf, Terence


Innate Abilities, Weirdness & Mutations

You have a pair of horns on your head.
You reflexively headbutt those who attack you in melee.


Message History

Jessica the Apprentice Sorceress comes into view.
She is wielding a +0 club.
Jessica shouts!
Jessica is nearby!
Jessica is nearby!
Terence the Incautious comes into view.
He is wielding a +4 short sword of distortion.
You start waiting.
Jessica is nearby!
You throw a curare-tipped dart. The curare-tipped dart hits Jessica.
Jessica is poisoned.
Jessica convulses.
You kill Jessica!
Lugonu accepts your kill.
No target in view!
No target in view!
No target in view!
You start waiting.
Terence is nearby!
You throw a curare-tipped dart.
The curare-tipped dart barely misses Terence.
Terence shouts!
No target in view!
No target in view!
No target in view!
You start waiting.
Terence is nearby!
You hit Terence.
Terence is moderately wounded.
Terence drinks a potion.
Terence goes berserk!
You hit Terence but do no damage. Your headbutt misses Terence.
Terence is moderately wounded.
Terence hits you with a +4 short sword of distortion!
Space warps horribly around you!
* * * LOW HITPOINT WARNING * * *
Terence hits you with a +4 short sword of distortion.
* * * LOW HITPOINT WARNING * * *
You are too injured to fight recklessly!
You are too injured to fight recklessly!
You are too injured to fight recklessly!
You feel very mighty all of a sudden.
Terence hits you with a +4 short sword of distortion!
You die...

#######.##.#...#.##.....#.
#.##...#............
#.#.###...#.##.....#
#.###........##.#...# ..#
##.#...#........# ###
#.###†.†....#.#.#
#.####...........#
#...(..(.@......#.##
########.#@#####...##
#.#.# #.>..# #.#.# #....#
#@#.# ####.# #..#. #.# #.#
# #.# #@. #.# #.# #.# #.#


You could see Terence (berserk).

Vanquished Creatures
  Jessica (D:2)
  2 adders (D:2)
  3 gnolls (D:2)
  2 dart slugs
  3 giant cockroaches
  2 hobgoblins (D:1)
  A kobold (D:1)
  A ball python (D:1)
  4 bats (D:1)
  5 frilled lizards (D:1)
  4 goblins
  A rat (D:2)
29 creatures vanquished.

Notes
Turn   | Place    | Note
-------+----------+-------------------------------------------
     0 | D:1      | dolemite99 the Minotaur Fighter began the quest for the
                  | Orb.
     0 | D:1      | Reached XP level 1. HP: 19/19 MP: 0/0
    92 | D:1      | Found a faded altar of an unknown god.
    99 | D:1      | Reached skill level 3 in Polearms
   111 | D:1      | Prayed at the altar of an unknown god.
   111 | D:1      | Became a worshipper of Lugonu the Unformed
   111 | D:1      | Reached * piety under Lugonu
   111 | D:1      | Reached ** piety under Lugonu
   260 | D:1      | Reached XP level 2. HP: 23/26 MP: 1/1
   665 | D:1      | Reached skill level 4 in Polearms
   929 | D:2      | Reached XP level 3. HP: 31/31 MP: 2/2
   972 | D:2      | Reached skill level 5 in Polearms
   993 | D:2      | Found a runed translucent door.
   994 | D:2      | Noticed Crazy Yiuf
  1017 | D:2      | Reached XP level 4. HP: 39/39 MP: 3/3
  1103 | D:2      | Noticed Jessica
  1104 | D:2      | Noticed Terence
  1110 | D:2      | Killed Jessica
  1122 | D:2      | Slain by Terence

Illustrated notes

Levels and vault maps discovered:
D:1:      minmay_arrival_jagged, layout_basic,
          shapermc_ecumenical_altar_notcrosses
D:2:      layout_loops_ring, uniq_jessica, uniq_terence, uniq_crazy_yiuf_cottage

Skill      XL: |  1  2  3 |
---------------+----------+-----
Polearms       | 3 4 5 |  5.8
Fighting       | |  3.6
Armour         | |  3.6
Shields        | |  3.6

Action                   |  1- 3 |  4- 6 || total
-------------------------+-------+-------++-------
Melee: Trident           |    51 |     6 ||    57
       Headbutt          |     4 |       ||     4
Throw: Stone             |    24 |       ||    24
       Dart              |     5 |     4 ||     9
  Use: Potion            |       |     1 ||     1
Armor: Scale mail        |    27 |     3 ||    30
Dodge: Dodged            |    12 |     1 ||    13
Block: Buckler           |    12 |     1 ||    13

Table legend: (Time is in decaauts)
 A = Elapsed time spent in this place.
 B = Non-inter-level travel time spent in this place.
 C = Inter-level travel time spent in this place.
 D = Time resting spent in this place.
 E = Time spent auto-exploring this place.
 F = Levels seen in this place.
 G = Mean time per level.
                   A        B        C        D        E       F      G
               +--------+--------+--------+--------+--------+-----+--------+
         Total |   1138 |   1127 |     11 |     14 |    805 |   2 |  569.0 |
       Dungeon |   1138 |   1127 |     11 |     14 |    805 |   2 |  569.0 |
               +--------+--------+--------+--------+--------+-----+--------+

Top non-repeatable levels by time:
     D:1: 900 daAuts
     D:2: 238 daAuts
